[ AOE2 MATCH · #479648315 ]
UnrankedPoles vs Malians
[ REPLAY ANALYSIS · EXTRACTED FROM THE RECORDED GAME ]
Feudal
13:36
Castle
17:36
Imperial
28:18
| APM avg | 25.7 |
| APM peak | 50 |
| eAPM avg | 14.7 |
| Villagers / military | 97 / 43 |
Focus
⚔️ 29.4% · 🌾 70.6%
Archer ×38 · Fishing Ship ×7 · Obuch ×2 · Trebuchet (Packed) ×2 · Monk ×1
Feudal
13:20
Castle
16:55
Imperial
35:46
| APM avg | 30.5 |
| APM peak | 62 |
| eAPM avg | 21.3 |
| Villagers / military | 295 / 32 |
Focus
⚔️ 21.9% · 🌾 78.1%
Archer ×28 · Fishing Ship ×7 · Spearman ×3 · Monk ×1
Feudal
13:27
Castle
17:07
Imperial
32:45
| APM avg | 42.6 |
| APM peak | 101 |
| eAPM avg | 23.3 |
| Villagers / military | 136 / 61 |
Focus
⚔️ 26.3% · 🌾 73.7%
Steppe Lancer ×61 · Fishing Ship ×6
Feudal
13:52
Castle
23:35
Imperial
—
| APM avg | 16.8 |
| APM peak | 34 |
| eAPM avg | 11.8 |
| Villagers / military | 91 / 7 |
Focus
⚔️ 13.7% · 🌾 86.3%
Mangonel ×6 · Fishing Ship ×6 · Spearman ×1
Feudal
14:07
Castle
17:54
Imperial
37:44
| APM avg | 40.4 |
| APM peak | 91 |
| eAPM avg | 21.4 |
| Villagers / military | 123 / 50 |
Focus
⚔️ 23.4% · 🌾 76.6%
Woad Raider ×45 · Fishing Ship ×10 · Battering Ram ×5
Feudal
13:33
Castle
17:28
Imperial
35:46
| APM avg | 25.7 |
| APM peak | 59 |
| eAPM avg | 16.1 |
| Villagers / military | 127 / 67 |
Focus
⚔️ 31.6% · 🌾 68.4%
Knight ×62 · Fishing Ship ×12 · Monk ×5
Feudal
—
Castle
—
Imperial
—
| APM avg | 1771.1 |
| APM peak | 9372 |
| eAPM avg | 1770.3 |
| Villagers / military | 0 / 17 |
Focus
⚔️ 81.7% · 🌾 18.3%
Archer ×9 · Battering Ram ×5 · Spearman ×2 · Monk ×1
Feudal
—
Castle
—
Imperial
—
| APM avg | 618.6 |
| APM peak | 4020 |
| eAPM avg | 618.3 |
| Villagers / military | 0 / 30 |
Focus
⚔️ 71.7% · 🌾 28.3%
Fire Galley ×17 · Monk ×6 · Skirmisher ×4 · Scout Cavalry ×3
Match map
Initial resources + every placement click. Lines = walls · curves = elevation contours. ◆ gold · ⬟ stone · ● berries · ✦ relic · ◌ wall gap
Your base· Open — 8t gap
xYourY's base· Open — unwalled flank
Before's base· Open — unwalled flank
The Apple's base· Open — 3t gap
kumo's base· Open — 5t gap
wakuku's base· Open — unwalled flank
's base· Open — 3t gap
's base· Open — 5t gap
Smoothed initial terrain · ◌ = detected wall gap · hover for details
Inputs per minute
— oukuki - - xYourY
Build order — oukuki
First 150 of 250 actions detected
| 0:04 | Build | Town Center |
| 1:18 | Build | House |
| 1:56 | Build | Dock |
| 2:31 | Create | Villager (Male) |
| 2:31 | Create | Villager (Male) |
| 2:31 | Create | Villager (Male) |
| 2:32 | Create | Villager (Male) |
| 3:47 | Create | Fishing Ship |
| 4:14 | Create | Villager (Male) |
| 4:42 | Build | House |
| 4:45 | Create | Villager (Male) |
| 4:46 | Create | Villager (Male) |
| 5:09 | Create | Villager (Male) |
| 5:25 | Build | House |
| 5:31 | Create | Villager (Male) |
| 5:54 | Create | Fishing Ship |
| 6:14 | Create | Villager (Male) |
| 6:29 | Create | Villager (Male) |
| 6:46 | Create | Fishing Ship |
| 7:03 | Create | Villager (Male) |
| 7:11 | Build | House |
| 7:27 | Create | Villager (Male) |
| 7:28 | Create | Villager (Male) |
| 7:28 | Create | Fishing Ship |
| 7:41 | Build | House |
| 7:55 | Create | Villager (Male) |
| 8:16 | Create | Villager (Male) |
| 8:16 | Create | Fishing Ship |
| 8:57 | Create | Villager (Male) |
| 9:02 | Create | Fishing Ship |
| 9:24 | Create | Villager (Male) |
| 9:48 | Create | Villager (Male) |
| 9:58 | Build | Mill |
| 10:18 | Create | Villager (Male) |
| 10:35 | Create | Villager (Male) |
| 10:39 | Build | Mining Camp |
| 10:55 | Create | Villager (Male) |
| 10:59 | Create | Fishing Ship |
| 11:26 | Research | Feudal Age |
| 13:15 | Create | Villager (Male) |
| 13:15 | Create | Villager (Male) |
| 13:36 | Age | Feudal Age |
| 13:48 | Build | Market |
| 13:51 | Build | Blacksmith |
| 14:44 | Build | Lumber Camp |
| 14:56 | Research | Castle Age |
| 14:58 | Build | Lumber Camp |
| 15:51 | Research | Double-Bit Axe |
| 16:24 | Research | Horse Collar |
| 16:56 | Create | Villager (Male) |
| 16:56 | Create | Villager (Male) |
| 17:08 | Build | House |
| 17:29 | Build | House |
| 17:30 | Build | House |
| 17:36 | Age | Castle Age |
| 17:36 | Research | Bow Saw |
| 17:37 | Research | Bow Saw |
| 18:00 | Create | Villager (Male) |
| 18:09 | Build | Farm |
| 18:10 | Research | Heavy Plow |
| 18:11 | Create | Villager (Male) |
| 18:32 | Create | Villager (Male) |
| 18:35 | Build | House |
| 18:47 | Build | Mill |
| 18:52 | Create | Villager (Male) |
| 19:16 | Create | Villager (Male) |
| 19:24 | Build | Monastery |
| 19:41 | Build | Farm |
| 19:44 | Build | Farm |
| 19:46 | Create | Villager (Male) |
| 20:12 | Create | Villager (Male) |
| 20:16 | Build | Farm |
| 20:20 | Build | Farm |
| 20:23 | Build | House |
| 20:25 | Create | Villager (Male) |
| 20:28 | Create | Monk |
| 20:32 | Build | Farm |
| 20:46 | Build | Mining Camp |
| 20:48 | Create | Villager (Male) |
| 20:58 | Build | Farm |
| 21:03 | Build | House |
| 21:10 | Build | Farm |
| 21:12 | Create | Villager (Male) |
| 21:24 | Create | Villager (Male) |
| 21:24 | Create | Villager (Male) |
| 21:36 | Build | Mining Camp |
| 21:41 | Build | Farm |
| 21:48 | Create | Villager (Male) |
| 21:48 | Create | Villager (Male) |
| 22:02 | Create | Villager (Male) |
| 22:34 | Build | Siege Workshop |
| 22:47 | Create | Villager (Male) |
| 22:47 | Create | Villager (Male) |
| 24:01 | Build | Barracks |
| 24:07 | Create | Villager (Male) |
| 24:34 | Research | Gold Mining |
| 24:38 | Research | Stone Mining |
| 24:43 | Create | Villager (Male) |
| 24:49 | Build | Archery Range |
| 24:53 | Research | Imperial Age |
| 25:05 | Research | Fletching |
| 25:12 | Build | Farm |
| 25:15 | Build | Farm |
| 25:23 | Build | Archery Range |
| 25:39 | Create | Villager (Male) |
| 25:39 | Create | Villager (Male) |
| 25:41 | Create | Archer |
| 25:41 | Create | Archer |
| 25:45 | Research | Crossbowman (upgrade) |
| 26:04 | Research | Bodkin Arrow |
| 26:07 | Build | House |
| 26:09 | Create | Archer |
| 26:09 | Create | Archer |
| 26:17 | Create | Villager (Male) |
| 26:22 | Build | Farm |
| 26:29 | Create | Archer |
| 26:30 | Create | Archer |
| 26:39 | Build | University |
| 26:41 | Create | Archer |
| 26:55 | Create | Archer |
| 27:06 | Create | Archer |
| 27:06 | Create | Archer |
| 27:28 | Create | Archer |
| 27:28 | Create | Archer |
| 27:30 | Create | Villager (Male) |
| 27:30 | Create | Villager (Male) |
| 27:36 | Create | Archer |
| 27:36 | Create | Archer |
| 27:38 | Build | House |
| 27:46 | Create | Archer |
| 27:48 | Create | Villager (Male) |
| 28:12 | Build | Castle |
| 28:18 | Age | Imperial Age |
| 28:21 | Research | Ballistics |
| 28:34 | Research | Bracer |
| 28:35 | Research | Bracer |
| 28:48 | Build | Castle |
| 28:59 | Create | Archer |
| 28:59 | Create | Archer |
| 29:02 | Create | Villager (Male) |
| 29:09 | Build | Farm |
| 29:14 | Create | Archer |
| 29:15 | Create | Archer |
| 29:16 | Create | Villager (Male) |
| 29:17 | Create | Villager (Male) |
| 29:29 | Create | Archer |
| 29:30 | Create | Archer |
| 29:54 | Research | Chemistry |
| 30:00 | Create | Villager (Male) |
| 30:03 | Build | Mining Camp |
Build order — xYourY
First 150 of 470 actions detected
| 0:20 | Build | Town Center |
| 0:59 | Build | Dock |
| 1:02 | Build | House |
| 2:35 | Create | Villager (Male) |
| 2:36 | Create | Villager (Male) |
| 2:36 | Create | Villager (Male) |
| 2:36 | Create | Villager (Male) |
| 3:46 | Create | Fishing Ship |
| 4:09 | Create | Villager (Male) |
| 4:41 | Create | Villager (Male) |
| 4:54 | Build | House |
| 5:04 | Create | Villager (Male) |
| 5:37 | Create | Fishing Ship |
| 5:44 | Create | Villager (Male) |
| 6:09 | Create | Villager (Male) |
| 6:18 | Build | House |
| 6:21 | Create | Villager (Male) |
| 6:54 | Create | Fishing Ship |
| 6:55 | Create | Villager (Male) |
| 7:08 | Build | House |
| 7:19 | Create | Villager (Male) |
| 7:24 | Create | Villager (Male) |
| 7:27 | Create | Fishing Ship |
| 7:32 | Build | House |
| 7:34 | Create | Villager (Male) |
| 8:03 | Create | Villager (Male) |
| 8:12 | Create | Fishing Ship |
| 8:31 | Create | Fishing Ship |
| 8:41 | Build | House |
| 8:54 | Create | Villager (Male) |
| 8:55 | Create | Villager (Male) |
| 9:01 | Build | House |
| 9:09 | Create | Villager (Male) |
| 9:10 | Create | Villager (Male) |
| 9:29 | Create | Villager (Male) |
| 9:31 | Create | Fishing Ship |
| 9:41 | Create | Villager (Male) |
| 10:01 | Create | Villager (Male) |
| 10:06 | Build | Mining Camp |
| 10:52 | Research | Feudal Age |
| 12:11 | Create | Villager (Male) |
| 12:12 | Create | Villager (Male) |
| 12:15 | Build | Mill |
| 12:24 | Build | House |
| 13:17 | Build | Lumber Camp |
| 13:20 | Age | Feudal Age |
| 13:26 | Build | Market |
| 13:30 | Create | Villager (Male) |
| 13:30 | Research | Wheelbarrow |
| 13:32 | Build | Blacksmith |
| 14:06 | Build | Lumber Camp |
| 14:15 | Research | Castle Age |
| 14:23 | Research | Double-Bit Axe |
| 14:23 | Research | Double-Bit Axe |
| 14:53 | Create | Villager (Male) |
| 15:12 | Research | Loom |
| 15:13 | Create | Villager (Male) |
| 15:35 | Build | House |
| 16:05 | Build | House |
| 16:13 | Build | House |
| 16:20 | Build | Palisade Wall |
| 16:21 | Build | Palisade Wall |
| 16:22 | Build | Palisade Wall |
| 16:44 | Build | Barracks |
| 16:54 | Build | House |
| 16:55 | Age | Castle Age |
| 17:12 | Research | Fletching |
| 17:16 | Create | Villager (Male) |
| 17:21 | Build | House |
| 17:25 | Build | Archery Range |
| 17:26 | Build | Archery Range |
| 17:29 | Build | Archery Range |
| 17:32 | Build | House |
| 17:49 | Build | House |
| 17:54 | Build | House |
| 18:01 | Build | House |
| 18:02 | Create | Villager (Male) |
| 18:05 | Research | Bodkin Arrow |
| 18:09 | Research | Horse Collar |
| 18:24 | Research | Crossbowman (upgrade) |
| 18:43 | Create | Villager (Male) |
| 18:44 | Create | Villager (Male) |
| 18:46 | Create | Archer |
| 18:46 | Create | Archer |
| 19:00 | Build | Town Center |
| 19:04 | Build | House |
| 19:05 | Create | Villager (Male) |
| 19:12 | Create | Villager (Male) |
| 19:15 | Create | Archer |
| 19:15 | Create | Archer |
| 19:18 | Create | Spearman |
| 19:18 | Create | Spearman |
| 19:27 | Research | Bow Saw |
| 19:35 | Build | House |
| 19:44 | Create | Archer |
| 19:44 | Create | Archer |
| 19:55 | Create | Villager (Male) |
| 20:01 | Create | Villager (Male) |
| 20:01 | Create | Villager (Male) |
| 20:08 | Build | Farm |
| 20:08 | Build | Farm |
| 20:11 | Build | Farm |
| 20:16 | Create | Villager (Male) |
| 20:17 | Create | Archer |
| 20:23 | Create | Spearman |
| 20:25 | Create | Villager (Male) |
| 20:28 | Build | House |
| 20:29 | Create | Villager (Male) |
| 20:42 | Create | Villager (Male) |
| 20:51 | Create | Archer |
| 20:52 | Create | Archer |
| 20:56 | Build | Farm |
| 20:56 | Build | Farm |
| 21:02 | Build | House |
| 21:03 | Create | Villager (Male) |
| 21:23 | Build | Farm |
| 21:28 | Build | Farm |
| 21:36 | Create | Archer |
| 21:36 | Create | Archer |
| 21:41 | Create | Villager (Male) |
| 21:58 | Build | Dock |
| 22:03 | Create | Villager (Male) |
| 22:05 | Build | House |
| 22:06 | Build | House |
| 22:07 | Create | Villager (Male) |
| 22:11 | Build | Farm |
| 22:12 | Build | Farm |
| 22:24 | Create | Villager (Male) |
| 22:26 | Create | Archer |
| 22:26 | Create | Archer |
| 22:30 | Build | Monastery |
| 22:49 | Create | Villager (Male) |
| 22:55 | Create | Villager (Male) |
| 22:58 | Build | Farm |
| 22:59 | Build | Farm |
| 23:01 | Build | Farm |
| 23:02 | Build | Farm |
| 23:05 | Build | Farm |
| 23:23 | Create | Villager (Male) |
| 23:25 | Build | House |
| 23:25 | Create | Villager (Male) |
| 23:27 | Create | Monk |
| 23:38 | Create | Archer |
| 23:38 | Create | Archer |
| 24:11 | Create | Villager (Male) |
| 24:11 | Create | Villager (Male) |
| 24:11 | Create | Villager (Male) |
| 24:13 | Build | University |
| 24:18 | Create | Archer |
| 24:18 | Create | Archer |
Build order — Before
First 150 of 353 actions detected
| 0:21 | Build | Town Center |
| 1:45 | Build | House |
| 1:48 | Build | Dock |
| 2:42 | Create | Villager (Male) |
| 2:42 | Create | Villager (Male) |
| 2:43 | Create | Villager (Male) |
| 2:43 | Create | Villager (Male) |
| 2:44 | Create | Villager (Male) |
| 3:45 | Create | Fishing Ship |
| 4:23 | Create | Villager (Male) |
| 4:24 | Create | Villager (Male) |
| 4:48 | Build | House |
| 4:52 | Create | Villager (Male) |
| 4:52 | Create | Villager (Male) |
| 5:19 | Create | Villager (Male) |
| 5:19 | Create | Villager (Male) |
| 5:46 | Create | Villager (Male) |
| 5:57 | Create | Fishing Ship |
| 6:02 | Build | House |
| 6:06 | Build | House |
| 6:26 | Create | Villager (Male) |
| 6:26 | Create | Villager (Male) |
| 6:56 | Create | Fishing Ship |
| 7:00 | Create | Villager (Male) |
| 7:00 | Create | Villager (Male) |
| 7:32 | Create | Villager (Male) |
| 7:33 | Create | Villager (Male) |
| 7:43 | Create | Fishing Ship |
| 7:43 | Create | Fishing Ship |
| 7:54 | Create | Villager (Male) |
| 7:54 | Create | Villager (Male) |
| 8:17 | Create | Villager (Male) |
| 8:17 | Create | Villager (Male) |
| 8:17 | Create | Villager (Male) |
| 8:18 | Create | Villager (Male) |
| 8:35 | Create | Villager (Male) |
| 8:35 | Create | Villager (Male) |
| 8:59 | Create | Fishing Ship |
| 9:04 | Build | House |
| 9:30 | Create | Villager (Male) |
| 9:49 | Build | Mill |
| 9:52 | Create | Villager (Male) |
| 9:53 | Create | Villager (Male) |
| 9:53 | Create | Villager (Male) |
| 10:55 | Build | Mining Camp |
| 11:05 | Research | Feudal Age |
| 11:22 | Build | House |
| 11:39 | Build | House |
| 11:54 | Build | House |
| 12:06 | Build | House |
| 12:40 | Build | Barracks |
| 12:48 | Build | House |
| 13:08 | Create | Villager (Male) |
| 13:08 | Create | Villager (Male) |
| 13:27 | Age | Feudal Age |
| 13:31 | Build | Stable |
| 13:33 | Build | Blacksmith |
| 14:27 | Research | Castle Age |
| 14:27 | Research | Castle Age |
| 14:28 | Research | Castle Age |
| 14:36 | Research | Scale Barding Armor |
| 15:17 | Build | Lumber Camp |
| 15:54 | Research | Double-Bit Axe |
| 16:22 | Research | Forging |
| 16:41 | Build | House |
| 16:43 | Build | House |
| 16:44 | Build | House |
| 17:07 | Age | Castle Age |
| 17:09 | Create | Villager (Male) |
| 17:09 | Create | Villager (Male) |
| 17:12 | Create | Steppe Lancer |
| 17:13 | Create | Steppe Lancer |
| 17:39 | Create | Villager (Male) |
| 17:39 | Research | Loom |
| 18:09 | Create | Villager (Male) |
| 18:09 | Create | Villager (Male) |
| 18:11 | Create | Steppe Lancer |
| 18:12 | Create | Steppe Lancer |
| 18:12 | Create | Steppe Lancer |
| 18:14 | Create | Villager (Male) |
| 18:14 | Create | Villager (Male) |
| 18:15 | Create | Villager (Male) |
| 18:34 | Create | Villager (Male) |
| 18:59 | Create | Steppe Lancer |
| 18:59 | Create | Steppe Lancer |
| 19:31 | Create | Steppe Lancer |
| 19:54 | Create | Steppe Lancer |
| 20:00 | Build | Town Center |
| 20:12 | Build | Town Center |
| 20:16 | Create | Steppe Lancer |
| 21:10 | Research | Bloodlines |
| 21:11 | Create | Villager (Male) |
| 21:12 | Create | Villager (Male) |
| 21:42 | Create | Steppe Lancer |
| 22:22 | Create | Villager (Male) |
| 22:22 | Create | Villager (Male) |
| 22:22 | Create | Villager (Male) |
| 22:36 | Research | Horse Collar |
| 22:41 | Build | Farm |
| 22:42 | Build | Farm |
| 22:46 | Build | Farm |
| 22:47 | Build | Farm |
| 22:48 | Build | Farm |
| 22:53 | Build | Farm |
| 22:56 | Research | Bow Saw |
| 23:32 | Create | Villager (Male) |
| 23:32 | Create | Villager (Male) |
| 23:32 | Create | Villager (Male) |
| 23:40 | Build | Farm |
| 24:05 | Build | Lumber Camp |
| 24:18 | Build | Farm |
| 24:19 | Build | Farm |
| 24:23 | Build | Farm |
| 24:28 | Create | Villager (Male) |
| 24:28 | Create | Villager (Male) |
| 24:28 | Create | Villager (Male) |
| 24:29 | Research | Wheelbarrow |
| 24:54 | Create | Villager (Male) |
| 24:54 | Create | Villager (Male) |
| 25:12 | Build | House |
| 25:14 | Build | House |
| 25:14 | Build | House |
| 25:14 | Build | House |
| 25:18 | Build | House |
| 25:20 | Build | House |
| 25:21 | Build | House |
| 25:22 | Build | House |
| 25:23 | Build | House |
| 25:39 | Research | Town Watch |
| 25:52 | Build | Farm |
| 25:52 | Build | Farm |
| 26:06 | Build | Farm |
| 26:07 | Create | Villager (Male) |
| 26:07 | Create | Villager (Male) |
| 26:08 | Create | Villager (Male) |
| 26:08 | Create | Villager (Male) |
| 26:08 | Create | Villager (Male) |
| 26:11 | Create | Steppe Lancer |
| 26:29 | Create | Steppe Lancer |
| 26:30 | Create | Steppe Lancer |
| 26:59 | Build | House |
| 27:00 | Build | House |
| 27:00 | Build | House |
| 27:01 | Build | House |
| 27:02 | Build | House |
| 27:02 | Build | House |
| 27:03 | Create | Villager (Male) |
| 27:03 | Create | Villager (Male) |
| 27:04 | Create | Villager (Male) |
| 27:04 | Create | Villager (Male) |
Build order — The Apple
First 150 of 188 actions detected
| 0:33 | Build | Town Center |
| 2:11 | Build | Dock |
| 2:13 | Build | House |
| 2:48 | Create | Villager (Male) |
| 2:48 | Create | Villager (Male) |
| 2:48 | Create | Villager (Male) |
| 2:49 | Create | Villager (Male) |
| 2:49 | Create | Villager (Male) |
| 4:24 | Create | Fishing Ship |
| 4:58 | Create | Villager (Male) |
| 4:58 | Create | Villager (Male) |
| 5:17 | Create | Villager (Male) |
| 5:18 | Create | Villager (Male) |
| 5:21 | Build | House |
| 5:24 | Build | House |
| 5:53 | Create | Villager (Male) |
| 5:54 | Create | Villager (Male) |
| 6:09 | Create | Fishing Ship |
| 6:23 | Create | Villager (Male) |
| 6:23 | Create | Villager (Male) |
| 6:23 | Create | Villager (Male) |
| 6:52 | Create | Villager (Male) |
| 6:53 | Create | Villager (Male) |
| 7:03 | Create | Fishing Ship |
| 7:09 | Create | Villager (Male) |
| 7:09 | Create | Villager (Male) |
| 7:35 | Create | Fishing Ship |
| 7:36 | Create | Villager (Male) |
| 7:59 | Create | Villager (Male) |
| 7:59 | Create | Villager (Male) |
| 8:12 | Build | House |
| 8:20 | Build | House |
| 8:27 | Create | Villager (Male) |
| 8:35 | Create | Fishing Ship |
| 8:58 | Build | House |
| 9:01 | Create | Villager (Male) |
| 9:27 | Create | Villager (Male) |
| 9:53 | Create | Villager (Male) |
| 9:53 | Create | Villager (Male) |
| 10:32 | Create | Fishing Ship |
| 10:53 | Research | Loom |
| 11:04 | Build | Mining Camp |
| 11:32 | Build | Mill |
| 11:42 | Research | Feudal Age |
| 11:43 | Research | Feudal Age |
| 12:45 | Create | Villager (Male) |
| 12:45 | Create | Villager (Male) |
| 13:27 | Create | Villager (Male) |
| 13:31 | Build | Barracks |
| 13:46 | Create | Villager (Male) |
| 13:52 | Age | Feudal Age |
| 13:58 | Build | Watch Tower |
| 14:08 | Create | Villager (Male) |
| 14:08 | Create | Villager (Male) |
| 14:34 | Build | Blacksmith |
| 14:56 | Build | Palisade Wall |
| 14:58 | Build | Palisade Wall |
| 15:17 | Build | Watch Tower |
| 15:40 | Create | Spearman |
| 16:00 | Create | Villager (Male) |
| 16:00 | Create | Villager (Male) |
| 17:09 | Create | Villager (Male) |
| 17:12 | Build | House |
| 17:17 | Build | House |
| 17:38 | Create | Villager (Male) |
| 18:48 | Build | House |
| 19:59 | Build | Market |
| 20:10 | Create | Villager (Male) |
| 20:55 | Research | Castle Age |
| 20:55 | Research | Castle Age |
| 21:17 | Build | Lumber Camp |
| 21:40 | Build | House |
| 21:42 | Build | House |
| 22:13 | Create | Villager (Male) |
| 22:15 | Research | Double-Bit Axe |
| 22:23 | Research | Horse Collar |
| 22:23 | Research | Horse Collar |
| 22:28 | Build | Farm |
| 22:47 | Build | House |
| 22:48 | Build | Palisade Wall |
| 23:06 | Build | Farm |
| 23:09 | Build | Farm |
| 23:12 | Build | Farm |
| 23:35 | Build | House |
| 23:35 | Age | Castle Age |
| 23:36 | Build | Palisade Wall |
| 23:43 | Create | Villager (Male) |
| 23:46 | Build | Farm |
| 23:49 | Build | Farm |
| 24:04 | Create | Villager (Male) |
| 24:04 | Create | Villager (Male) |
| 24:21 | Build | Siege Workshop |
| 24:32 | Build | Siege Workshop |
| 24:38 | Create | Villager (Male) |
| 24:59 | Build | Town Center |
| 25:05 | Create | Villager (Male) |
| 25:21 | Build | Stone Wall |
| 25:27 | Create | Mangonel |
| 25:39 | Create | Villager (Male) |
| 25:50 | Research | Bow Saw |
| 25:53 | Create | Villager (Male) |
| 26:05 | Build | Stone Wall |
| 26:10 | Create | Villager (Male) |
| 26:18 | Create | Mangonel |
| 26:21 | Research | Heavy Plow |
| 26:22 | Create | Villager (Male) |
| 26:36 | Build | Farm |
| 26:48 | Create | Villager (Male) |
| 27:09 | Create | Mangonel |
| 27:09 | Create | Villager (Male) |
| 27:17 | Build | Stone Wall |
| 27:29 | Build | House |
| 28:18 | Create | Mangonel |
| 28:19 | Create | Villager (Male) |
| 28:25 | Build | House |
| 28:32 | Create | Villager (Male) |
| 28:43 | Create | Villager (Male) |
| 29:06 | Create | Villager (Male) |
| 29:22 | Create | Villager (Male) |
| 29:22 | Create | Villager (Male) |
| 29:32 | Create | Villager (Male) |
| 29:48 | Research | Fletching |
| 29:49 | Create | Villager (Male) |
| 30:18 | Create | Villager (Male) |
| 30:19 | Create | Villager (Male) |
| 30:20 | Create | Villager (Male) |
| 30:39 | Create | Villager (Male) |
| 30:51 | Research | Wheelbarrow |
| 31:17 | Build | Stone Wall |
| 31:27 | Create | Villager (Male) |
| 31:27 | Create | Villager (Male) |
| 31:49 | Create | Mangonel |
| 31:51 | Create | Villager (Male) |
| 31:51 | Create | Villager (Male) |
| 33:01 | Build | House |
| 33:27 | Build | House |
| 33:28 | Build | House |
| 33:28 | Build | House |
| 33:28 | Build | House |
| 33:29 | Build | House |
| 33:53 | Create | Villager (Male) |
| 33:54 | Create | Villager (Male) |
| 33:54 | Create | Villager (Male) |
| 34:07 | Create | Villager (Male) |
| 34:28 | Create | Villager (Male) |
| 34:41 | Build | Farm |
| 34:42 | Build | Farm |
| 34:42 | Build | Farm |
| 34:42 | Build | Farm |
| 34:42 | Build | Farm |
Build order — kumo
First 150 of 318 actions detected
| 0:24 | Build | Town Center |
| 1:04 | Build | House |
| 1:06 | Build | Dock |
| 2:56 | Create | Villager (Male) |
| 2:56 | Create | Villager (Male) |
| 2:56 | Create | Villager (Male) |
| 2:57 | Create | Villager (Male) |
| 4:05 | Create | Fishing Ship |
| 4:08 | Create | Villager (Male) |
| 4:39 | Build | House |
| 5:12 | Create | Villager (Male) |
| 5:13 | Create | Villager (Male) |
| 5:13 | Research | Loom |
| 5:28 | Create | Villager (Male) |
| 5:39 | Research | Loom |
| 6:09 | Create | Fishing Ship |
| 6:14 | Build | House |
| 6:19 | Create | Villager (Male) |
| 6:25 | Create | Villager (Male) |
| 6:48 | Create | Villager (Male) |
| 7:01 | Create | Fishing Ship |
| 7:01 | Create | Fishing Ship |
| 7:20 | Create | Villager (Male) |
| 7:21 | Create | Villager (Male) |
| 7:26 | Build | House |
| 8:10 | Create | Villager (Male) |
| 8:11 | Create | Villager (Male) |
| 8:46 | Create | Villager (Male) |
| 8:47 | Create | Fishing Ship |
| 8:47 | Create | Fishing Ship |
| 8:48 | Create | Fishing Ship |
| 8:48 | Create | Fishing Ship |
| 8:52 | Build | House |
| 8:54 | Build | House |
| 8:57 | Build | House |
| 9:10 | Build | House |
| 9:17 | Create | Villager (Male) |
| 9:17 | Create | Villager (Male) |
| 9:29 | Create | Villager (Male) |
| 9:30 | Create | Villager (Male) |
| 9:49 | Create | Villager (Male) |
| 10:07 | Create | Fishing Ship |
| 10:10 | Create | Villager (Male) |
| 10:30 | Create | Villager (Male) |
| 10:45 | Build | Mill |
| 10:48 | Create | Fishing Ship |
| 11:57 | Research | Feudal Age |
| 11:57 | Research | Feudal Age |
| 12:20 | Build | Mining Camp |
| 13:29 | Build | Palisade Wall |
| 13:51 | Create | Villager (Male) |
| 14:07 | Age | Feudal Age |
| 14:09 | Build | Market |
| 14:12 | Build | Blacksmith |
| 14:21 | Create | Villager (Male) |
| 15:14 | Research | Castle Age |
| 15:14 | Research | Castle Age |
| 15:41 | Build | Lumber Camp |
| 16:34 | Research | Double-Bit Axe |
| 16:34 | Research | Double-Bit Axe |
| 16:53 | Build | Dock |
| 16:59 | Create | Villager (Male) |
| 17:50 | Build | Barracks |
| 17:54 | Age | Castle Age |
| 18:20 | Create | Villager (Male) |
| 18:25 | Research | Bow Saw |
| 18:25 | Research | Bow Saw |
| 18:26 | Create | Villager (Male) |
| 18:27 | Create | Villager (Male) |
| 18:54 | Create | Villager (Male) |
| 19:12 | Build | Castle |
| 19:27 | Create | Villager (Male) |
| 19:27 | Create | Villager (Male) |
| 19:34 | Research | Fletching |
| 19:35 | Research | Scale Mail Armor |
| 19:36 | Create | Villager (Male) |
| 19:42 | Build | House |
| 19:46 | Create | Villager (Male) |
| 19:51 | Create | Villager (Male) |
| 19:55 | Create | Villager (Male) |
| 20:00 | Research | Arson |
| 20:00 | Research | Arson |
| 20:04 | Create | Villager (Male) |
| 20:21 | Build | Lumber Camp |
| 20:25 | Research | Bodkin Arrow |
| 20:27 | Create | Villager (Male) |
| 20:41 | Create | Woad Raider |
| 20:41 | Create | Woad Raider |
| 20:57 | Research | Horse Collar |
| 21:00 | Create | Villager (Male) |
| 21:05 | Build | Palisade Wall |
| 21:09 | Build | Palisade Wall |
| 21:16 | Create | Villager (Male) |
| 21:25 | Create | Villager (Male) |
| 21:27 | Build | Farm |
| 21:28 | Build | Farm |
| 21:30 | Build | Farm |
| 21:32 | Build | Farm |
| 21:33 | Build | Farm |
| 21:45 | Create | Woad Raider |
| 21:45 | Create | Woad Raider |
| 21:45 | Create | Woad Raider |
| 22:12 | Create | Woad Raider |
| 22:12 | Create | Woad Raider |
| 22:17 | Create | Villager (Male) |
| 22:20 | Build | Farm |
| 22:27 | Create | Woad Raider |
| 22:28 | Create | Woad Raider |
| 22:42 | Create | Villager (Male) |
| 22:52 | Create | Villager (Male) |
| 22:53 | Create | Villager (Male) |
| 22:57 | Build | Farm |
| 22:59 | Build | Farm |
| 23:02 | Build | Farm |
| 23:04 | Build | Farm |
| 23:05 | Build | Farm |
| 23:13 | Create | Villager (Male) |
| 23:13 | Create | Villager (Male) |
| 23:15 | Create | Villager (Male) |
| 23:15 | Create | Villager (Male) |
| 23:35 | Build | Town Center |
| 23:40 | Create | Woad Raider |
| 23:40 | Create | Villager (Male) |
| 24:07 | Research | Chain Mail Armor |
| 24:08 | Create | Villager (Male) |
| 24:21 | Create | Villager (Male) |
| 24:29 | Create | Villager (Male) |
| 24:33 | Create | Villager (Male) |
| 24:37 | Create | Villager (Male) |
| 24:46 | Create | Villager (Male) |
| 24:53 | Build | Siege Workshop |
| 25:12 | Research | Forging |
| 25:17 | Create | Villager (Male) |
| 25:17 | Create | Villager (Male) |
| 25:19 | Create | Villager (Male) |
| 25:27 | Build | University |
| 25:29 | Create | Villager (Male) |
| 25:36 | Create | Villager (Male) |
| 25:43 | Create | Villager (Male) |
| 25:48 | Build | Dock |
| 25:50 | Create | Villager (Male) |
| 26:08 | Create | Woad Raider |
| 26:08 | Create | Woad Raider |
| 26:08 | Create | Villager (Male) |
| 26:33 | Create | Woad Raider |
| 26:34 | Create | Woad Raider |
| 26:34 | Create | Woad Raider |
| 26:56 | Build | House |
| 26:56 | Build | House |
| 26:57 | Build | House |
Build order — wakuku
First 150 of 317 actions detected
| 0:07 | Build | Town Center |
| 1:00 | Build | Dock |
| 1:03 | Build | House |
| 2:30 | Create | Villager (Male) |
| 2:30 | Create | Villager (Male) |
| 2:31 | Create | Villager (Male) |
| 2:31 | Create | Villager (Male) |
| 2:31 | Create | Villager (Male) |
| 2:31 | Create | Villager (Male) |
| 3:31 | Create | Fishing Ship |
| 3:54 | Build | House |
| 4:34 | Create | Fishing Ship |
| 4:35 | Create | Villager (Male) |
| 4:40 | Build | Palisade Wall |
| 4:54 | Build | Palisade Wall |
| 5:20 | Create | Fishing Ship |
| 5:29 | Create | Villager (Male) |
| 5:32 | Build | House |
| 5:49 | Create | Villager (Male) |
| 6:11 | Create | Villager (Male) |
| 6:28 | Create | Fishing Ship |
| 6:38 | Create | Villager (Male) |
| 6:59 | Create | Villager (Male) |
| 6:59 | Create | Villager (Male) |
| 7:00 | Create | Villager (Male) |
| 7:04 | Build | House |
| 7:10 | Create | Villager (Male) |
| 7:10 | Create | Villager (Male) |
| 7:33 | Create | Villager (Male) |
| 7:36 | Build | Lumber Camp |
| 7:59 | Create | Fishing Ship |
| 8:00 | Create | Villager (Male) |
| 8:26 | Build | House |
| 8:39 | Build | Mill |
| 9:01 | Create | Villager (Male) |
| 9:06 | Create | Fishing Ship |
| 9:08 | Create | Villager (Male) |
| 9:08 | Create | Villager (Male) |
| 9:30 | Create | Fishing Ship |
| 9:32 | Create | Villager (Male) |
| 9:32 | Create | Villager (Male) |
| 9:52 | Build | Mining Camp |
| 9:58 | Build | House |
| 10:23 | Create | Villager (Male) |
| 10:31 | Build | Palisade Wall |
| 10:45 | Create | Fishing Ship |
| 10:51 | Create | Villager (Male) |
| 11:23 | Research | Feudal Age |
| 11:27 | Build | Dock |
| 11:53 | Create | Fishing Ship |
| 11:59 | Build | House |
| 13:14 | Build | Barracks |
| 13:21 | Create | Villager (Male) |
| 13:22 | Create | Villager (Male) |
| 13:28 | Create | Villager (Male) |
| 13:33 | Age | Feudal Age |
| 13:57 | Build | Stable |
| 14:11 | Build | Blacksmith |
| 14:33 | Create | Fishing Ship |
| 14:33 | Create | Fishing Ship |
| 14:46 | Research | Castle Age |
| 15:20 | Research | Gold Mining |
| 15:23 | Research | Double-Bit Axe |
| 15:27 | Research | Horse Collar |
| 15:32 | Research | Tech 906 |
| 15:32 | Research | Tech 906 |
| 15:55 | Build | House |
| 15:56 | Build | House |
| 15:57 | Build | House |
| 15:57 | Build | House |
| 16:29 | Research | Bloodlines |
| 16:51 | Build | Lumber Camp |
| 17:07 | Build | Farm |
| 17:09 | Create | Villager (Male) |
| 17:11 | Build | Farm |
| 17:12 | Build | Farm |
| 17:15 | Create | Villager (Male) |
| 17:28 | Age | Castle Age |
| 17:30 | Build | Monastery |
| 17:34 | Create | Knight |
| 17:34 | Create | Knight |
| 17:42 | Create | Knight |
| 17:44 | Create | Villager (Male) |
| 17:53 | Research | Heavy Plow |
| 17:59 | Research | Bow Saw |
| 18:08 | Create | Monk |
| 18:11 | Create | Monk |
| 18:14 | Build | House |
| 18:21 | Create | Fishing Ship |
| 18:24 | Create | Villager (Male) |
| 18:32 | Build | Farm |
| 18:37 | Create | Knight |
| 18:44 | Create | Knight |
| 18:51 | Build | House |
| 18:53 | Build | House |
| 19:02 | Create | Monk |
| 19:06 | Create | Villager (Male) |
| 19:09 | Build | Farm |
| 19:11 | Build | Farm |
| 19:14 | Build | Farm |
| 19:24 | Create | Villager (Male) |
| 19:49 | Create | Villager (Male) |
| 19:50 | Create | Knight |
| 19:50 | Create | Knight |
| 19:54 | Create | Villager (Male) |
| 20:06 | Build | Town Center |
| 20:10 | Create | Knight |
| 20:18 | Research | Forging |
| 20:46 | Create | Knight |
| 20:47 | Create | Villager (Male) |
| 21:14 | Create | Villager (Male) |
| 21:14 | Create | Knight |
| 21:16 | Create | Villager (Male) |
| 21:18 | Create | Villager (Male) |
| 21:18 | Create | Villager (Male) |
| 21:18 | Create | Villager (Male) |
| 21:33 | Build | Town Center |
| 21:35 | Create | Knight |
| 21:43 | Create | Villager (Male) |
| 21:46 | Build | Farm |
| 21:46 | Build | Farm |
| 22:05 | Create | Knight |
| 22:07 | Research | Wheelbarrow |
| 22:08 | Research | Wheelbarrow |
| 22:25 | Create | Knight |
| 22:37 | Research | Scale Barding Armor |
| 22:40 | Create | Villager (Male) |
| 22:41 | Create | Villager (Male) |
| 22:41 | Create | Villager (Male) |
| 22:43 | Build | Farm |
| 22:53 | Create | Villager (Male) |
| 23:24 | Create | Villager (Male) |
| 23:26 | Create | Villager (Male) |
| 23:26 | Create | Villager (Male) |
| 23:26 | Create | Villager (Male) |
| 23:27 | Build | Farm |
| 23:28 | Build | Farm |
| 23:28 | Build | Farm |
| 23:28 | Build | Farm |
| 23:29 | Create | Villager (Male) |
| 23:29 | Create | Villager (Male) |
| 23:31 | Build | Lumber Camp |
| 23:40 | Create | Villager (Male) |
| 23:46 | Research | Chain Barding Armor |
| 23:50 | Create | Villager (Male) |
| 23:51 | Create | Villager (Male) |
| 23:51 | Create | Villager (Male) |
| 23:57 | Create | Villager (Male) |
| 23:57 | Create | Villager (Male) |
| 23:58 | Create | Villager (Male) |
Build order —
140 actions detected in the replay
| 0:03 | Build | Town Center |
| 1:21 | Build | House |
| 1:22 | Build | Dock |
| 1:46 | Research | Tech None |
| 2:37 | Build | House |
| 4:04 | Build | House |
| 5:39 | Build | House |
| 6:10 | Build | Lumber Camp |
| 6:12 | Build | Mill |
| 6:45 | Build | Lumber Camp |
| 7:13 | Build | Mining Camp |
| 7:37 | Build | House |
| 8:22 | Research | Tech None |
| 8:22 | Build | Barracks |
| 10:37 | Research | Tech None |
| 10:37 | Build | Farm |
| 10:38 | Research | Tech None |
| 10:38 | Build | Farm |
| 10:40 | Build | Market |
| 10:42 | Build | Blacksmith |
| 10:44 | Research | Tech None |
| 10:46 | Research | Tech None |
| 11:06 | Build | Archery Range |
| 11:51 | Research | Tech None |
| 11:51 | Build | House |
| 14:00 | Build | Watch Tower |
| 14:25 | Build | Watch Tower |
| 14:32 | Research | Tech None |
| 14:32 | Create | Spearman |
| 14:32 | Build | Town Center |
| 14:33 | Research | Tech None |
| 14:33 | Build | Town Center |
| 14:35 | Research | Tech None |
| 14:45 | Create | Spearman |
| 14:45 | Build | Town Center |
| 14:47 | Build | Watch Tower |
| 14:49 | Research | Tech None |
| 14:49 | Build | Siege Workshop |
| 14:51 | Research | Tech None |
| 17:10 | Build | Town Center |
| 17:12 | Build | House |
| 17:13 | Build | House |
| 17:35 | Build | House |
| 17:42 | Build | Monastery |
| 18:09 | Build | House |
| 18:09 | Build | Palisade Wall |
| 18:24 | Build | House |
| 18:41 | Build | Stable |
| 18:44 | Research | Tech None |
| 19:01 | Build | Stable |
| 19:05 | Build | Farm |
| 19:11 | Build | Farm |
| 19:22 | Build | Stable |
| 19:32 | Build | Farm |
| 19:55 | Build | Farm |
| 19:57 | Build | Farm |
| 20:05 | Build | Farm |
| 20:07 | Build | Farm |
| 20:16 | Build | Farm |
| 20:22 | Build | Farm |
| 20:28 | Build | Farm |
| 20:35 | Build | Farm |
| 20:46 | Build | Stable |
| 20:57 | Build | Archery Range |
| 21:06 | Build | Farm |
| 21:09 | Create | Battering Ram |
| 21:09 | Build | Mill |
| 21:34 | Build | Stable |
| 21:57 | Build | House |
| 22:02 | Build | Archery Range |
| 22:08 | Build | Archery Range |
| 22:10 | Build | Archery Range |
| 22:12 | Build | Town Center |
| 22:17 | Create | Monk |
| 22:31 | Create | Battering Ram |
| 22:56 | Build | Archery Range |
| 23:05 | Create | Battering Ram |
| 23:05 | Build | Archery Range |
| 23:24 | Build | Archery Range |
| 23:38 | Create | Battering Ram |
| 23:49 | Create | Archer |
| 23:55 | Research | Tech None |
| 24:19 | Build | Farm |
| 24:23 | Build | Archery Range |
| 24:32 | Research | Tech None |
| 24:33 | Build | Farm |
| 24:36 | Build | Mining Camp |
| 24:57 | Build | Barracks |
| 24:59 | Build | Farm |
| 25:19 | Build | Farm |
| 25:21 | Build | Barracks |
| 26:10 | Build | Lumber Camp |
| 26:17 | Build | Farm |
| 26:27 | Create | Archer |
| 26:41 | Research | Tech None |
| 26:41 | Build | Barracks |
| 28:04 | Build | Town Center |
| 28:06 | Build | Mining Camp |
| 28:10 | Build | Siege Workshop |
| 28:12 | Build | Siege Workshop |
| 28:18 | Build | Town Center |
| 28:24 | Create | Archer |
| 28:28 | Create | Archer |
| 28:28 | Build | Farm |
| 28:30 | Build | House |
| 28:34 | Research | Tech None |
| 28:36 | Build | Siege Workshop |
| 28:38 | Build | Farm |
| 28:41 | Build | Siege Workshop |
| 28:41 | Build | Farm |
| 28:49 | Build | Siege Workshop |
| 28:52 | Build | Farm |
| 28:57 | Build | House |
| 29:01 | Create | Archer |
| 29:04 | Build | Mill |
| 29:29 | Build | House |
| 29:32 | Build | Siege Workshop |
| 29:40 | Build | Siege Workshop |
| 29:43 | Build | Farm |
| 29:46 | Build | Mill |
| 29:47 | Build | Siege Workshop |
| 29:49 | Build | Farm |
| 29:51 | Build | Farm |
| 29:54 | Create | Archer |
| 29:54 | Build | Farm |
| 30:07 | Build | Farm |
| 30:09 | Create | Archer |
| 30:16 | Build | Farm |
| 30:18 | Create | Archer |
| 30:18 | Build | Farm |
| 30:19 | Create | Archer |
| 30:19 | Build | Lumber Camp |
| 30:25 | Build | Farm |
| 30:26 | Build | Farm |
| 30:44 | Build | House |
| 30:47 | Build | House |
| 30:49 | Build | House |
| 30:55 | Build | House |
| 33:38 | Build | Lumber Camp |
| 34:19 | Create | Battering Ram |
Build order —
132 actions detected in the replay
| 0:03 | Build | Town Center |
| 1:19 | Build | House |
| 1:20 | Build | Dock |
| 2:00 | Build | Mill |
| 2:34 | Build | House |
| 3:00 | Research | Tech None |
| 4:41 | Build | House |
| 5:38 | Build | Lumber Camp |
| 6:10 | Build | Lumber Camp |
| 6:31 | Build | House |
| 6:56 | Research | Tech None |
| 7:07 | Research | Tech None |
| 7:28 | Research | Tech None |
| 7:50 | Build | House |
| 7:58 | Build | Mining Camp |
| 8:07 | Build | House |
| 8:22 | Build | Lumber Camp |
| 8:50 | Build | Dock |
| 10:09 | Research | Tech None |
| 10:35 | Build | Dock |
| 10:37 | Build | Dock |
| 10:38 | Build | Dock |
| 10:42 | Build | House |
| 10:44 | Build | House |
| 11:06 | Create | Fire Galley |
| 11:13 | Create | Fire Galley |
| 11:39 | Create | Fire Galley |
| 11:47 | Create | Fire Galley |
| 12:01 | Create | Fire Galley |
| 12:14 | Build | Market |
| 12:18 | Build | House |
| 12:23 | Build | House |
| 12:26 | Research | Tech None |
| 12:36 | Create | Fire Galley |
| 12:44 | Create | Fire Galley |
| 12:49 | Create | Fire Galley |
| 13:04 | Create | Fire Galley |
| 13:19 | Create | Fire Galley |
| 13:35 | Build | House |
| 13:38 | Build | House |
| 13:40 | Research | Tech None |
| 13:42 | Research | Tech None |
| 13:49 | Research | Tech None |
| 13:55 | Create | Fire Galley |
| 14:04 | Build | House |
| 14:21 | Create | Fire Galley |
| 14:36 | Build | Blacksmith |
| 14:43 | Build | Lumber Camp |
| 14:49 | Create | Fire Galley |
| 15:05 | Build | Dock |
| 15:12 | Build | Dock |
| 15:14 | Build | House |
| 15:16 | Build | House |
| 15:27 | Create | Fire Galley |
| 15:35 | Create | Fire Galley |
| 15:35 | Build | Dock |
| 15:40 | Create | Fire Galley |
| 15:40 | Build | Dock |
| 15:43 | Create | Fire Galley |
| 15:45 | Research | Tech None |
| 15:59 | Build | Barracks |
| 16:48 | Build | Archery Range |
| 17:34 | Build | Market |
| 17:50 | Build | Market |
| 18:17 | Build | Market |
| 18:22 | Build | Market |
| 18:25 | Build | University |
| 18:27 | Research | Tech None |
| 18:34 | Build | Town Center |
| 19:03 | Research | Tech None |
| 19:03 | Build | Town Center |
| 19:09 | Build | Town Center |
| 19:11 | Build | House |
| 19:13 | Build | House |
| 19:15 | Build | Farm |
| 19:32 | Research | Tech None |
| 19:32 | Build | House |
| 19:34 | Build | Monastery |
| 19:34 | Build | Monastery |
| 19:57 | Build | Farm |
| 20:01 | Create | Monk |
| 20:15 | Build | Lumber Camp |
| 20:26 | Research | Tech None |
| 20:26 | Build | Farm |
| 20:46 | Build | Stable |
| 20:54 | Build | Farm |
| 21:04 | Build | Farm |
| 21:13 | Create | Monk |
| 21:22 | Build | Farm |
| 21:23 | Research | Tech None |
| 21:25 | Build | Barracks |
| 21:47 | Build | Farm |
| 21:48 | Build | House |
| 21:52 | Build | House |
| 21:57 | Build | Barracks |
| 22:17 | Research | Tech None |
| 22:22 | Build | Farm |
| 22:23 | Build | Farm |
| 22:25 | Build | Farm |
| 22:29 | Build | Mill |
| 22:34 | Build | Farm |
| 22:48 | Build | Farm |
| 22:50 | Build | Farm |
| 22:52 | Build | Farm |
| 22:54 | Build | Farm |
| 22:57 | Build | Farm |
| 23:01 | Build | Farm |
| 23:02 | Build | Farm |
| 23:04 | Build | Farm |
| 23:05 | Build | Farm |
| 23:08 | Build | Farm |
| 23:13 | Build | Farm |
| 23:24 | Create | Monk |
| 23:26 | Build | Farm |
| 23:46 | Build | Barracks |
| 23:48 | Build | Barracks |
| 23:53 | Research | Tech None |
| 23:55 | Research | Tech None |
| 24:50 | Create | Monk |
| 25:22 | Build | Lumber Camp |
| 25:32 | Research | Tech None |
| 25:49 | Create | Monk |
| 26:43 | Create | Monk |
| 27:52 | Create | Skirmisher |
| 27:53 | Research | Tech None |
| 28:40 | Create | Scout Cavalry |
| 28:53 | Create | Skirmisher |
| 30:22 | Create | Scout Cavalry |
| 30:32 | Create | Skirmisher |
| 33:54 | Create | Skirmisher |
| 38:31 | Create | Scout Cavalry |
| 38:33 | Research | Tech None |
Match timeline
| 0:59 | xYourY · first_building Dock |
| 1:00 | wakuku · first_building Dock |
| 1:06 | kumo · first_building Dock |
| 1:20 | · first_building Dock |
| 1:22 | · first_building Dock |
| 1:48 | Before · first_building Dock |
| 1:56 | oukuki · first_building Dock |
| 2:11 | The Apple · first_building Dock |
| 4:40 | wakuku · wall_segment Palisade Wall x1 |
| 4:54 | wakuku · wall_segment Palisade Wall x1 |
| 8:22 | · first_building Barracks |
| 10:31 | wakuku · wall_segment Palisade Wall x1 |
| 11:06 | · first_building Archery Range |
| 12:40 | Before · first_building Barracks |
| 12:49 | · first_market_sell 100 food |
| 13:14 | wakuku · first_building Barracks |
| 13:20 | xYourY · age_up feudal |
| 13:27 | Before · age_up feudal |
| 13:29 | kumo · wall_segment Palisade Wall x1 |
| 13:31 | Before · first_building Stable |
| 13:31 | The Apple · first_building Barracks |
| 13:33 | wakuku · age_up feudal |
| 13:36 | oukuki · age_up feudal |
| 13:48 | · first_market_sell 100 food |
| 13:50 | · first_market_buy 100 stone |
| 13:52 | The Apple · age_up feudal |
| 13:57 | wakuku · first_building Stable |
| 14:07 | kumo · age_up feudal |
| 14:49 | · first_building Siege Workshop |
| 14:56 | The Apple · wall_segment Palisade Wall x1 |
| 14:58 | The Apple · wall_segment Palisade Wall x1 |
| 15:59 | · first_building Barracks |
| 16:20 | xYourY · wall_segment Palisade Wall x1 |
| 16:21 | xYourY · wall_segment Palisade Wall x1 |
| 16:22 | xYourY · wall_segment Palisade Wall x1 |
| 16:44 | xYourY · first_building Barracks |
| 16:48 | · first_building Archery Range |
| 16:55 | xYourY · age_up castle |
| 17:07 | Before · age_up castle |
| 17:25 | xYourY · first_building Archery Range |
| 17:28 | wakuku · age_up castle |
| 17:30 | wakuku · first_building Monastery |
| 17:36 | oukuki · age_up castle |
| 17:42 | · first_building Monastery |
| 17:50 | kumo · first_building Barracks |
| 17:54 | kumo · age_up castle |
| 18:09 | · wall_segment Palisade Wall x2 |
| 18:41 | · first_building Stable |
| 19:12 | kumo · first_building Castle |
| 19:24 | oukuki · first_building Monastery |
| 19:34 | · first_building Monastery |
| 20:46 | · first_building Stable |
| 21:05 | kumo · wall_segment Palisade Wall x1 |
| 21:09 | kumo · wall_segment Palisade Wall x1 |
| 22:30 | xYourY · first_building Monastery |
| 22:34 | oukuki · first_building Siege Workshop |
| 22:48 | The Apple · wall_segment Palisade Wall x1 |
| 23:35 | The Apple · age_up castle |
| 23:36 | The Apple · wall_segment Palisade Wall x1 |
| 24:01 | oukuki · first_building Barracks |
| 24:21 | The Apple · first_building Siege Workshop |
| 24:49 | oukuki · first_building Archery Range |
| 24:53 | kumo · first_building Siege Workshop |
| 25:21 | The Apple · wall_segment Stone Wall x19 |
| 25:28 | · first_market_buy 100 food |
| 26:05 | The Apple · wall_segment Stone Wall x1 |
| 27:17 | The Apple · wall_segment Stone Wall x10 |
| 28:12 | oukuki · first_building Castle |
| 28:18 | oukuki · age_up imperial |
| 28:32 | Before · first_building Monastery |
| 31:17 | The Apple · wall_segment Stone Wall x1 |
| 31:47 | wakuku · first_market_sell 500 wood |
| 31:48 | wakuku · first_market_buy 100 food |
| 32:45 | Before · age_up imperial |
| 34:12 | wakuku · first_building Castle |
| 35:46 | wakuku · age_up imperial |
| 35:46 | xYourY · age_up imperial |
| 36:10 | oukuki · first_market_buy 100 wood |
| 36:21 | xYourY · first_market_buy 100 wood |
| 37:44 | kumo · age_up imperial |
| 38:02 | The Apple · first_building Monastery |
| 38:02 | kumo · first_market_sell 500 wood |
| 38:14 | The Apple · first_building Castle |
| 38:29 | · resign |
| 39:06 | Before · first_building Castle |
[ AI ANALYSIS · 1 CREDIT ]
What really happened in this match?
Wolo.gg analyzes every decision: build order, eco, micro, common mistakes by bracket. Personalized analysis on WhatsApp or Discord in 30 seconds.
Civ guide
Poles
Perfil
Jugador #5858879